 Dungeon Crawl Stone Soup version 0.17-a0-1078-g243345b (webtiles) character file.

29 Lugonue the Chucker (level 3, 3/35 HPs)
             Began as an Ogre Arcane Marksman on May 19, 2015.
             Quit the game on level 2 of the Dungeon.
             The game lasted 00:02:40 (1320 turns).

Lugonue the Chucker (Ogre Arcane Marksman)          Turns: 1320, Time: 00:02:40

Health: 3/35       AC:  3    Str: 16    XL:     3   Next: 16%
Magic:  4/4        EV: 10    Int: 12    God:
Gold:   90         SH:  0    Dex: 10    Spells: 1 memorised, 3 levels left

rFire  . . .     SeeInvis .     t - +0 club
rCold  . . .     Clarity  .     a - +0 robe
rNeg   + + .     SustAb   .     (no shield)
rPois  .         Gourm    .     (helmet restricted)
rElec  .         Spirit   .     (no cloak)
rCorr  .         Warding  .     (gloves unavailable)
rMut   .         Stasis   .     (boots unavailable)
MR     .....                    (no amulet)
Stlth  +.........               v - ring of positive energy
                                q - ring of positive energy

@: lethally poisoned (3 -> -7), not resistant to hostile enchantments, very
unstealthy
A: unfitting armour, tough skin 1
a: no special abilities


You were on level 2 of the Dungeon.
You were not hungry.

You visited 1 branch of the dungeon, and saw 2 of its levels.

You collected 90 gold pieces.

Inventory:

Hand weapons
 t - a +0 club (weapon)
Armour
 a - a +0 robe (worn)
Jewellery
 q - a ring of positive energy (left hand)
 v - a ring of positive energy (right hand)
Scrolls
 i - a scroll of enchant armour {unknown}
 k - 3 scrolls of identify {unknown}
 l - a scroll of teleportation {unknown}
 m - 2 scrolls of remove curse {unknown}
 o - a scroll of fear {unknown}
 r - a scroll of blinking {unknown}
 s - a scroll of random uselessness {unknown}
Potions
 f - a potion of resistance {unknown}
 g - a potion of curing {unknown}
 h - 2 potions of agility {unknown}
 j - a potion of degeneration {unknown}
 n - a potion of haste {unknown}
 w - a potion of heal wounds {unknown}
Books
 d - a book of Debilitation

   Spells                             Type                      Level
   a - Corona                         Hexes                        1
   b - Slow                           Hexes                        2
   c - Gell's Gravitas                Hexes/Translocation          3
   d - Inner Flame                    Hexes/Fire                   3
   e - Cause Fear                     Hexes                        4
   f - Leda's Liquefaction            Hexes/Earth                  4
Comestibles
 e - a bread ration
 p - a slice of pizza
 u - a royal jelly


   Skills:
 + Level 2.1 Fighting
 + Level 0.3 Maces & Flails
 + Level 2.4 Throwing
 + Level 2.1 Dodging
 + Level 0.8 Unarmed Combat
 + Level 1.2 Spellcasting
 + Level 2.4 Hexes


You had 3 spell levels left.
You knew the following spells:

 Your Spells              Type           Power        Failure   Level  Hunger
a - Corona                Hex            #......      12%         1    ##.....


Dungeon Overview and Level Annotations

Branches:
Dungeon (2/15)

Altars:


Innate Abilities, Weirdness & Mutations

You are too large for most types of armour.
You have tough skin (AC +1).


Message History

The adder barely misses you.
You closely miss the adder.
The adder is severely wounded.
* * * LOW HITPOINT WARNING * * *
You feel sick. The adder barely misses you. The adder bites you.
* * * LOW HITPOINT WARNING * * *
Unknown command.
Save game and exit?
Okay, then.
You are alive.
You are lethally poisoned (3 -> -7).
Your movement speed is average.
Your attack speed is quite slow.
You are not resistant to hostile enchantments.
You feel very unstealthy.
Unknown command.
Quiver which item? (- for none, * to show all) (? for menu, Esc to quit)
Okay, then.
Unknown command.
Unknown command.
Unknown command.
Are you sure you want to abandon this character and quit the game? (Confirm with "yes".)

#.##........#######.#.#.####
#.##........#######.#.#.#
#.##..................#.#
#.##.......########.###.#
..##.......# #.....#
####.......# #######
###+##'## ######### #.#
#.S...... #.#####@######
#............#
#######.####.# #.$. #####


You could see an adder.

Vanquished Creatures
  An ooze (D:2)
  A worm (D:2)
  A giant cockroach (D:2)
  2 goblins
  2 hobgoblins (D:2)
  3 kobolds
  5 bats (D:1)
  2 giant newts (D:2)
  6 rats
23 creatures vanquished.

Notes
Turn   | Place    | Note
--------------------------------------------------------------
     0 | D:1      | Lugonue the Ogre Arcane Marksman began the quest for the Orb.
     0 | D:1      | Reached XP level 1. HP: 19/19 MP: 2/2
   512 | D:1      | Reached XP level 2. HP: 21/28 MP: 3/3
  1015 | D:2      | Reached XP level 3. HP: 10/35 MP: 4/4
  1320 | D:2      | Quit the game

Vault maps used:
D:1:      lightli_arrival_statuegarden
D:2:      vehumet_crystals, uniq_jessica

Action                   || total
-------------------------++-------
Melee: Unarmed           ||    89
       Club              ||    42
Throw: Large rock        ||    19
       Throwing net      ||     4
  Eat: Chunk             ||     1
